 Dungeon Crawl Stone Soup version 0.21.1-1-g345015f (webtiles) character file.

450 iamserjio the Ducker (level 7, -1/48 HPs)
             Began as an Octopode Monk on Apr 7, 2018.
             Slain by Pikel
             ... wielding a +1 whip of flaming
              (3 damage)
             ... while paralysed by Grinder
             ... on level 4 of the Dungeon.
             The game lasted 00:16:04 (3835 turns).

iamserjio the Ducker (Octopode Monk)                Turns: 3835, Time: 00:16:05

Health: -1/48      AC:  1    Str: 10    XL:     7   Next: 4%
Magic:  7/7        EV:  2    Int: 12    God:
Gold:   204        SH:  0    Dex: 17    Spells: 6/6 levels left

rFire    . . .     SeeInvis .   f - +0 falchion
rCold    . . .     Gourm    +   z - +0 buckler (curse)
rNeg     . . .     Faith    .   (helmet restricted)
rPois    .         Spirit   .   p - amulet of the gourmand
rElec    .         Reflect  .   (no ring)
rCorr    .         Harm     .   (no ring)
MR       .....                  (no ring)
Stlth    ++++......             (no ring)
HPRegen  0.16/turn              (no ring)
MPRegen  0.10/turn              (no ring)
                                (no ring)
                                (no ring)

@: paralysed
A: almost no armour, stealthy swim, amphibious, 8 rings, constrict 8, camouflage
1, gelatinous body 1
a: no special abilities


You were on level 4 of the Dungeon.
You were very full.

You visited 1 branch of the dungeon, and saw 6 of its levels.
You also visited: Sewer.

You collected 204 gold pieces.

Inventory:

Hand Weapons
 a - a +0 short sword
 f - a +0 falchion (weapon)
Missiles
 s - 9 javelins (quivered)
Armour
 t - a +0 buckler
 y - a +0 buckler
 z - a cursed +0 buckler (worn)
Jewellery
 e - an uncursed ring of wizardry {unknown}
 p - an amulet of the gourmand (around mantle)
 E - an uncursed amulet of faith {unknown}
Wands
 D - a wand of scattershot (5)
Scrolls
 c - 6 scrolls of teleportation
 h - 2 scrolls of immolation {unknown}
 i - a scroll of enchant armour {unknown}
 j - 3 scrolls of remove curse {unknown}
 m - 2 scrolls of amnesia {unknown}
 n - a scroll of fog {unknown}
 o - 3 scrolls of enchant weapon {unknown}
 u - a scroll of fear {unknown}
Potions
 d - 2 potions of lignification
 g - 6 potions of mutation
 k - 5 potions of flight
 l - a potion of curing
 q - 2 potions of berserk rage
 r - 2 potions of heal wounds {unknown}
 v - a potion of agility {unknown}
 w - a potion of invisibility {unknown}
 x - 2 potions of degeneration {unknown}
 B - a potion of brilliance {unknown}
 C - 2 potions of haste {unknown}
Comestibles
 b - 4 rations
 A - a chunk of flesh


   Skills:
 + Level 4.3 Fighting
 - Level 4.1 Short Blades
 * Level 5.3 Dodging
 + Level 5.2 Stealth
 + Level 0.6 Shields


You had 6 spell levels left.
You didn't know any spells.

Dungeon Overview and Level Annotations

Branches:
Dungeon (6/15)
 Temple: D:4-7

Altars:
Makhleb

Annotations:
D:3 Mirai's ghost, amateur DsFi
D:4 Grinder; Pikel


Innate Abilities, Weirdness & Mutations

You cannot wear most types of armour.
You are very stealthy in the water. (Stealth+)
You are amphibious.
You can wear up to eight rings at the same time.
You can use your tentacles to constrict eight enemies at once.
Your skin changes colour to match your surroundings (Stealth+).
Your rubbery body absorbs attacks. (AC +1, EV +1)


Message History

A frilled lizard comes into view.
The frilled lizard moves out of view.
Grinder hits you!
* * * LOW HITPOINT WARNING * * *
You writhe in agony.
* * * LOW HITPOINT WARNING * * *
You feel better. Pikel waves his whip at you.
Pikel hits you with a whip of flaming. Pikel burns you. The slave hits you!
* * * LOW HITPOINT WARNING * * *
Grinder blinks!
Grinder gestures at you.
You struggle to resist.
An adder comes into view.
Grinder gestures at you.
You suddenly lose the ability to move!
Pikel hits you with a whip of flaming.
* * * LOW HITPOINT WARNING * * *
Pikel burns you.
You die...

..# #...Kp..^.......
.####>.#.# #.......
.###...h.# #....#.#
........# #...)#.## ##.
...#..######.......#...
#.....†...§..p.......##.
#..........##.........S.
#............p.5##......
<..........##.pK@<......
...>............p##.....
#..#..........##... ...
#..#...)...######### #
##.#.......#
##.#.......#
................
......########## ....###


You could see Pikel, Grinder, 4 slaves and an adder.

Vanquished Creatures
  2 scorpions
  A centaur zombie (D:2)
  2 hounds
  Terence (D:2)
  A gnoll (D:3)
  2 river rats (D:4)
  3 adders
  5 oozes
  8 worms
  2 dart slugs (D:3)
  4 leopard geckos
  2 orcs
  5 ball pythons
  24 bats
  17 giant cockroaches
  4 goblins
  7 hobgoblins
  14 jackals
  9 kobolds
  2 quokkas
  8 frilled lizards
  A quokka zombie (D:3)
  9 rats
133 creatures vanquished.

Notes
Turn   | Place    | Note
-------+----------+-------------------------------------------
     0 | D:1      | iamserjio the Octopode Monk began the quest for the Orb.
     0 | D:1      | Reached XP level 1. HP: 16/16 MP: 1/1
    42 | D:1      | Reached XP level 2. HP: 11/21 MP: 2/2
   461 | D:1      | Reached XP level 3. HP: 19/26 MP: 3/3
   668 | D:2      | Noticed Terence
   676 | D:2      | Killed Terence
   676 | D:2      | Reached XP level 4. HP: 22/31 MP: 4/4
   796 | D:2      | Found a burning altar of Makhleb.
   796 | D:2      | Noticed a balrug
  1090 | D:2      | Reached XP level 5. HP: 25/36 MP: 5/5
  1483 | D:2      | Noticed a neqoxec
  1483 | D:2      | Noticed a smoke demon
  1863 | D:3      | Noticed Mirai's ghost (amateur DsFi)
  2347 | D:3      | You fall through a shaft for 3 floors!
  2363 | D:6      | Noticed a sky beast
  2407 | D:6      | Reached XP level 6. HP: 28/43 MP: 6/6
  2410 | D:5      | Entered Level 5 of the Dungeon
  2585 | D:4      | Noticed a slave
  2586 | D:4      | Noticed a slave
  2639 | D:4      | Reached skill level 5 in Dodging
  2663 | D:4      | Found a glowing drain.
  2716 | Sewer    | Entered a sewer
  3216 | Sewer    | Reached skill level 5 in Stealth
  3814 | D:4      | Noticed Pikel
  3815 | D:4      | Noticed a slave
  3815 | D:4      | Noticed a slave
  3821 | D:4      | Reached XP level 7. HP: 33/48 MP: 7/7
  3826 | D:4      | Noticed Grinder
  3834 | D:4      | Paralysed by Grinder for 3 turns
  3835 | D:4      | HP: 2/48 [Pikel/whip of flaming (5)]
  3835 | D:4      | Slain by Pikel

Skill      XL: |  1  2  3  4  5  6 |
---------------+-------------------+-----
Stealth        | 3 4 5 |  5.2
Dodging        | 4 5 |  5.3
Fighting       | 4 |  4.3
Short Blades   | 4 |  4.1
Shields        | |  0.6

Action                   |  1- 3 |  4- 6 |  7- 9 || total
-------------------------+-------+-------+-------++-------
Melee: Short sword       |    53 |    96 |       ||   149
       Constrict         |    14 |    59 |     2 ||    75
       Tentacles         |    10 |    49 |     2 ||    61
       Falchion          |       |   121 |     3 ||   124
  Use: Scroll            |       |     6 |       ||     6
       Potion            |       |       |     1 ||     1
 Stab: Sleeping          |     6 |    29 |       ||    35
  Eat: Chunk             |       |    20 |       ||    20
Armor: Skin              |     6 |    20 |       ||    26
Dodge: Dodged            |    37 |   162 |     4 ||   203
Block: Buckler           |       |     4 |     1 ||     5
       Rpst.: Falchion   |       |    29 |       ||    29
